cohdb
Replays
Latest Replays
All Replays
Popular Replays
Top Player Replays
Match Explorer
How It Works
Community
CoH3 Stats
Reddit
Sign in to upload your games and track your stats! →
Sign in with Steam
Match 40618647
Unlisted
Match 40618647
Overview
Messages
Build Orders
End
Panzerpioneer Squad
250 Light Carrier
Panzerpioneer Squad
Construct Light Support Kompanie
MG34 Team
Selects Armored Support Battlegroup
Selects Veteran Gunners
Construct Mechanized Kompanie
Selects Salvage Kits
250 Light Carrier
Panzerjäger Mechanized Group
Combat Half-tracks
8 Rad Armored Car
8 Rad Armored Car
Support Armor Elements
Marder III Tank Destroyer
254 Reconnaissance Tractor
Vehicle Survival Package
Selects Panzer Storm
Panzerjäger Mechanized Group
Flakvierling Half-track
Panzer Storm
Emergency Repair Kits
Marder III Tank Destroyer
18-tonne Recovery Half-track
Rapid Advance
Panzer Storm
18-tonne Recovery Half-track
Selects Stuka Anti-tank Loiter
Panzer Storm
Selects Flammpanzer III Medium Tank
8 Rad Armored Car
Panzer Storm
Tungsten Core Ammunition
Advanced Field Repairs
布莱克.迪克
7no2
是枝枝吖~
pedestraim
[EPIC]SAGEKING
DZloki
kingkendji99
Hansizzle
0
0
Comments
sign in to comment!
No comments posted yet!